 Dungeon Crawl Stone Soup version 0.28-a0-1387-g3a22ab9bdc (webtiles) character file.

Game seed: 17076271980817495574

74 Deminshera the Poker (level 4, -1/37 HPs)
             Began as a Merfolk Monk on Jan 2, 2022.
             Killed from afar by an orc wizard (7 damage)
             ... with a magic dart
             ... on level 3 of the Dungeon.
             The game lasted 00:02:08 (2344 turns).

Deminshera the Poker (Merfolk Monk)                 Turns: 2344, Time: 00:02:09

Health: -1/37      AC:  5    Str: 13    XL:     4   Next: 28%
Magic:  4/4        EV: 12    Int:  9    God:
Gold:   74         SH:  0    Dex: 16    Spells: 3/3 levels left

rFire   . . .      SeeInvis .   a - +0 spear
rCold   . . .      Faith    .   (no shield)
rNeg    . . .      Spirit   .   g - +0 ring mail
rPois   .          Reflect  .   (no helmet)
rElec   .          Harm     .   (no cloak)
rCorr   .          Rampage  .   (no gloves)
Will    .....                   (no boots)
Stlth   ..........              (no amulet)
HPRegen 0.12/turn               (no ring)
MPRegen 0.09/turn               (no ring)

@: confused
A: (nimble swimmer 2), mertail
a: no special abilities


You were on level 3 of the Dungeon.
You visited 1 branch of the dungeon, and saw 3 of its levels.

You collected 74 gold pieces.

Inventory:

Hand Weapons
 a - a +0 spear (weapon)
Armour
 g - a +0 ring mail (worn)
Scrolls
 b - a scroll of fog {unknown}
 f - a scroll of vulnerability {unknown}
 h - a scroll of enchant armour {unknown}
 i - a scroll of identify {unknown}
 j - a scroll of amnesia {unknown}
Potions
 c - a potion of flight {unknown}
 d - a potion of cancellation {unknown}
 e - a potion of curing {unknown}


   Skills:
 + Level 3.9 Fighting
 + Level 5.3 Polearms
 + Level 4.7 Dodging
 + Level 3.2 Stealth


You had 3 spell levels left.
You didn't know any spells.
Your spell library contained the following spells:

 Spells                   Type           Power      Damage    Failure   Level
 Pain                     Necr           0%         1d4       65%         1
 Conjure Flame            Conj/Fire      0%         6-21      95%         3
 Ignite Poison            Fire/Tmut/Pois 0%         N/A       95%         3
 Sticky Flame             Conj/Fire      0%         2d3       100%        4
 Agony                    Necr           0%         N/A       100%        5
 Excruciating Wounds      Necr           0%         N/A       100%        5


Dungeon Overview and Level Annotations

Branches:
Dungeon (3/15)

Altars:


Innate Abilities, Weirdness & Mutations

((You are very nimble when in or above water. (Stealth+, EV+, Speed+++)))
Your lower body shifts to a powerful aquatic tail in water.


Message History

You are more confused.
You bump into the rock wall.
You hit something. You miss something. You hit the orc.
The orc is lightly wounded.
Something hits you. The orc hits you but does no damage.
You bump into the rock wall.
Something hits you but does no damage. The orc closely misses you.
You hit the orc.
The orc is almost dead.
Something hits you but does no damage. Something hits you but does no damage.
The orc hits you with a +0 falchion.
* * * LOW HITPOINT WARNING * * *
You closely miss the orc.
The orc is almost dead.
Something hits you but does no damage.
You hit the orc.
You kill the orc!
Something hits you.
* * * LOW HITPOINT WARNING * * *
You feel less confused.
You hit something but do no damage. Something completely misses you.
You hit something but do no damage. Something hits you.
* * * LOW HITPOINT WARNING * * *
You closely miss something. You hit something.
Something hits you but does no damage.
You miss something.
You hear some strange, mumbled words.
You are confused.
You completely miss something. Something hits you but does no damage.
You bump into the rock wall.
An orc wizard appears from thin air!
Reactivating autopickup.
The orc wizard hits you but does no damage.
You barely miss the orc wizard.
The orc wizard is heavily wounded.
The orc wizard hits you but does no damage.
The orc wizard gestures at you while chanting.
The magic dart hits you!
You die...

##.##.##.#..###.#######.#.#.##
##.##.##.#..# #.........#..#.#
#..##.##.#..# ###########.#.##
#.###.##.#..# ### ##.#.#
.<.......#... ..#######....#
#.#.#.####.### #.#.......#..#
#.#.### .# #.#.#####....#
#.#.# #.#.# ####.# #.#.# #@#.#
#.# #.#.# #.#.# #.# #.#.#
#o#.# #.# #.#.#
#.#####.#.########.# ..#
#......)....)>..... ...
#######.#.######### #.#.#
#.#.# #...#


You could see an orc wizard.

Vanquished Creatures
  2 adders
  A worm (D:2)
  2 orcs (D:3)
  4 ball pythons
  3 endoplasms
  3 giant cockroaches (D:1)
  6 goblins
  5 hobgoblins
  2 jackals (D:1)
  A kobold (D:2)
  3 quokkas
  6 bats
  6 frilled lizards
  6 rats
50 creatures vanquished.

Notes
Turn   | Place    | Note
-------+----------+-------------------------------------------
     0 | D:1      | Deminshera the Merfolk Monk began the quest for the Orb.
     0 | D:1      | Reached XP level 1. HP: 18/18 MP: 1/1
   183 | D:1      | Reached XP level 2. HP: 24/24 MP: 2/2
   276 | D:1      | Found a faded altar of an unknown god.
   771 | D:1      | Reached XP level 3. HP: 28/29 MP: 3/3
  1262 | D:2      | Reached skill level 5 in Polearms
  1986 | D:2      | Reached XP level 4. HP: 37/37 MP: 4/4
  2344 | D:3      | Killed from afar by an orc wizard

Illustrated notes

Levels and vault maps discovered:
D:1:      dpeg_arrival_three_same_balls, layout_basic,
          hellmonk_ecumenical_altar_blasted
D:2:      layout_basic, minmay_quantized
D:3:      layout_loops_ring, nicolae_overflow_hidden_temple, serial_shops,
          nicolae_square_shop, kennysheep_big_empty_room, uniq_terence,
          uniq_crazy_yiuf_cottage

Skill      XL: |  1  2  3 |
---------------+----------+-----
Polearms       | 5 |  5.3
Stealth        | 3 |  3.2
Fighting       | |  3.9
Dodging        | |  4.7

Action                   |  1- 3 |  4- 6 || total
-------------------------+-------+-------++-------
Melee: Spear             |   172 |    30 ||   202
 Stab: Sleeping          |    13 |     2 ||    15
       Distracted        |     1 |       ||     1
Armor: Robe              |    24 |       ||    24
       Ring mail         |    13 |    10 ||    23
Dodge: Dodged            |    89 |     5 ||    94

Table legend: (Time is in decaauts)
 A = Elapsed time spent in this place.
 B = Non-inter-level travel time spent in this place.
 C = Inter-level travel time spent in this place.
 D = Time resting spent in this place.
 E = Time spent auto-exploring this place.
 F = Levels seen in this place.
 G = Mean time per level.
                   A        B        C        D        E       F      G
               +--------+--------+--------+--------+--------+-----+--------+
         Total |   2315 |   2236 |     79 |    268 |   1602 |   3 |  771.7 |
       Dungeon |   2315 |   2236 |     79 |    268 |   1602 |   3 |  771.7 |
               +--------+--------+--------+--------+--------+-----+--------+

Top non-repeatable levels by time:
     D:1: 1141 daAuts
     D:2: 1022 daAuts
     D:3: 152 daAuts
